Map: Abyssal Reef LE

Players

Blackfoot - Winner!

  • Race: Zerg Zerg
  • League: Silver
  • Spawn Location: 5:00

Xilky

  • Race: Zerg Zerg
  • League: Bronze
  • Spawn Location: 11:00

VOD

Have the link to the VOD?

Description

Time

  • Played on: Dec. 22, 2017, 3:56 p.m.
  • Length: 6:52
Show
View Real Time Build Order
Export as new Build Order

Blackfoot Zerg - Winner!

Build Orders: Hatch First 

Get SALT Encoding   

  12  0:04  Drone  
  13  0:08  Drone  
  14  0:16  Overlord  
  14  0:36  Drone x3  
  17  0:47  Drone  
  18  0:58  Hatchery  
  17  1:12  Spawning Pool  
  17  1:15  Drone, Extractor  
  16  1:19  Drone  
  16  1:22  Drone  
  18  1:30  Drone  
  19  1:41  Overlord  
  19  1:59  Queen  
  21  2:02  Zergling x2  
  22  2:08  Drone  
  22  2:12  Queen  
  22  2:14  Zergling x4  
  27  2:22  Zergling x2  
  28  2:25  Metabolic Boost  
  28  2:27  Drone  
  29  2:37  Extractor  
  28  2:48  Zergling x4  
  28  2:49  Zergling x4  
  30  3:00  Drone x2  
  30  3:02  Lair  
  30  3:04  Overlord  
  32  3:22  Drone  
  32  3:23  Drone x5  
  38  3:33  Overlord  
  38  3:35  Zergling x6  
  41  3:46  Extractor  
  38  3:50  Zergling x6  
  38  3:51  Zergling x2  
  38  3:53  Zergling x2  
  38  3:54  Zergling x4  
  45  4:08  Spire, Drone  
  45  4:11  Zergling x4  
  47  4:21  Queen  
  43  4:36  Drone x3  
  43  4:37  Drone x4  
  48  4:49  Zergling x4  
  48  4:50  Zergling x4  
  52  4:54  Overlord  
  52  4:55  Overlord  
  52  5:20  Mutalisk x5  
  62  5:26  Extractor  
  61  5:40  Mutalisk  
  63  5:53  Hatchery  
  62  5:57  Drone x4  
  62  5:58  Drone x2  
  62  5:59  Overlord x2  
  68  6:22  Mutalisk x2  
  68  6:23  Mutalisk  
  74  6:25  Mutalisk  
  76  6:45  Extractor x2  
Show
View Real Time Build Order
Export as new Build Order

Xilky Zerg 

Build Orders: Hatch First 

Get SALT Encoding   

  12  0:09  Drone  
  12  0:13  Overlord  
  13  0:32  Drone x2  
  13  0:35  Drone  
  16  0:58  Hatchery  
  15  1:11  Spawning Pool  
  14  1:26  Extractor  
  13  1:58  Zergling x6  
  16  2:13  Spine Crawler  
  15  2:16  Drone  
  15  2:17  Zergling x2  
  17  2:40  Metabolic Boost  
  17  2:42  Zergling x10  
  19  2:55  Zergling x6  
  22  3:06  Spine Crawler  
  22  3:08  Zergling x4  
  22  3:09  Queen  
  25  3:27  Drone x3  
  25  3:31  Overlord  
  27  3:52  Zergling x8  
  31  4:08  Zergling x4  
  31  4:09  Zergling x2  
  32  4:29  Zergling x6  
  27  4:37  Zergling x4  
  29  4:41  Queen  
  31  4:53  Zergling x2  
  31  4:54  Zergling x4  
  34  5:01  Drone  
  34  5:05  Drone  
  36  5:15  Overlord  
  36  5:31  Overlord  
  36  5:38  Drone x2  
  36  5:39  Drone x3  
  41  5:50  Extractor  
  41  5:52  Lair  
  40  6:02  Evolution Chamber  
  39  6:10  Drone  
  39  6:11  Drone x3  
Tags
 
Add a new tag
Caveats
  • Supply blocks, unpowered buildings, or Contaminate may cause inaccurate times.
  • Supply counts are checked every 10 seconds.